 Dungeon Crawl Stone Soup version 0.29-a0-337-g68df138881 (webtiles) character file.

Game seed: 949191538439773314

222 spaghetti the Caller (level 5, -6/42 HPs)
             Began as a Deep Dwarf Summoner on Apr 17, 2022.
             Was a Follower of the Shining One.
             Killed from afar by a white imp (11 damage)
             ... with a puff of frost
             ... summoned by Natasha
             ... on level 2 of the Dungeon.
             The game lasted 00:04:21 (1333 turns).

spaghetti the Caller (Deep Dwarf Summoner)          Turns: 1333, Time: 00:04:21

Health: -6/42      AC:  2    Str: 18    XL:     5   Next: 66%
Magic:  4/9        EV: 12    Int: 17    God:    the Shining One [*.....]
Gold:   75         SH:  0    Dex: 13    Spells: 0/10 levels left

rFire   . . .      SeeInvis .   g - +0 mace {mace}
rCold   . . .      Faith    .   (no shield)
rNeg    . . .      Spirit   .   a - +0 robe
rPois   .          Reflect  .   (no helmet)
rElec   .          Harm     .   (no cloak)
rCorr   .          Rampage  .   (no gloves)
Will    .....                   (no boots)
Stlth   +.........              (no amulet)
HPRegen 0.00/turn               d - +6 ring of strength
MPRegen 0.11/turn               (no ring)

@: glowing
A: damage resistance, heal wounds, sense surroundings 1, no regeneration
a: Heal Wounds, Renounce Religion, Divine Shield


You were on level 2 of the Dungeon.
You worshipped the Shining One.
The Shining One was aware of your devotion.
You visited 1 branch of the dungeon, and saw 2 of its levels.

You collected 75 gold pieces.


Innate Abilities, Weirdness & Mutations

You are resistant to damage.
You can heal yourself by infusing magical energy.
You passively map a small area around you.
You do not regenerate.


   Skills:
 - Level 2.1 Dodging
 - Level 2.4 Stealth
 - Level 3.0 Spellcasting
 - Level 3.6 Summonings
 * Level 3.5 Air Magic


You couldn't memorise any spells.
You knew the following spells:

 Your Spells              Type           Power      Damage    Failure   Level
a - Summon Small Mammal   Summ           56%        N/A       4%          1
b - Call Imp              Summ           14%        N/A       6%          2
c - Call Canine Familiar  Summ           14%        N/A       12%         3
d - Summon Lightning Spi  Summ/Air       14%        N/A       38%         4

Your spell library contained the following spells:

 Spells                   Type           Power      Damage    Failure   Level
 Magic Dart               Conj           8%         1d3       17%         1
 Summon Guardian Golem    Hex/Summ       8%         N/A       26%         3
 Mephitic Cloud           Conj/Pois/Air  6%         N/A       32%         3
 Airstrike                Air            7%         N/A       38%         4
 Dazzling Flash           Conj/Hex       4%         N/A       45%         3
 Iskenderun's Mystic Bla  Conj/Tloc      2%         2d3       86%         4
 Lightning Bolt           Conj/Air       4%         1d15      93%         5
 Starburst                Conj/Fire      1%         6d3       100%        6

Inventory:

Hand Weapons
 f - a +0 dagger {short}
   (You took it off a goblin on level 1 of the Dungeon)
 g - a +0 mace (weapon) {mace}
   (You took it off a hobgoblin on level 1 of the Dungeon)
Missiles
 h - 46 stones {throwing}
Armour
 a - a +0 robe (worn)
Jewellery
 d - a +6 ring of strength (left hand)
   (You found it on level 1 of the Dungeon)
Scrolls
 c - a scroll of amnesia {unknown}
 e - a scroll of noise {unknown}
 i - a scroll of identify {unknown}
 l - 2 scrolls of fog {unknown}
 n - a scroll of torment {unknown}
 o - a scroll of fear {unknown}
 p - a scroll of vulnerability {unknown}
 q - a scroll of brand weapon {unknown}
Potions
 b - a potion of magic
 j - a potion of heal wounds {@q2}
 k - a potion of brilliance {unknown}
 m - a potion of haste {unknown}

Dungeon Overview and Level Annotations

Branches:
Dungeon (2/15)

Altars:
Dithmenos
The Shining One

Annotations:
D:2 Natasha

.#.................. *
.#...#.##.#.######## ,
.......##.#..# #
†....#....#..# *..
.....#.##....# *..# , ,
.......##..#.#######..##
,
.......#...#.#..........
*
................r.......
, ,
.........#......@h......
*
............#...55h.....
........###.............
..... #.#.###....... * .
#.#.# #...... , #.#.. ,
.#.... #..## #..... . *
..... ,..


You could see Natasha (ally target), a white imp (summoned), a shadow imp
(summoned, distracted, ally target), a friendly hound (summoned) and a friendly
rat (summoned).


Message History

You hit the adder but do no damage.
Your quokka closely misses the adder.
Your hound bites the adder.
The adder closely misses you.
Your quokka barely misses the adder.
Your hound completely misses the adder. 😕 MP[+1]
You hit the adder. The adder barely misses you.
Your hound closely misses the adder.
Your quokka bites the adder.
The adder dies!
Your hound disappears in a puff of smoke!
Your quokka disappears in a puff of smoke!
o - a scroll labelled ODUHIU ENUTO 😕 MP[+3]
Your mp is fully restored (9).
p - a scroll labelled GURPHI MARONUCS
q - a scroll labelled HOETIT WYOFUCH Key pressed, stopping explore.
Natasha, Servant of Life and Death comes into view.
Natasha hisses angrily.
Natasha casts a spell at you. The magic dart hits you! 😕 HP[-6]
You take 6 damage, and now have 35/42 hp.
Casting: Summon Small Mammal (safe; 4% risk of failure)
Confirm with . or Enter, or press ? or * to list all spells.
Natasha mumbles some strange words. 😕 MP[-1]
You lost 1 mp, and now have 8/9 mp.
Casting: Summon Small Mammal (safe; 4% risk of failure)
Confirm with . or Enter, or press ? or * to list all spells.
You miscast Summon Small Mammal.
You are very lightly contaminated with residual magic.
Nothing appears to happen.
Natasha mumbles some strange words.
Natasha shimmers violently.
The shadow imp barely misses your rat. 😕 MP[-1]
You lost 1 mp, and now have 7/9 mp.
Casting: Summon Small Mammal (safe; 4% risk of failure)
Confirm with . or Enter, or press ? or * to list all spells.
Your rat bites Natasha but does no damage.
The shadow imp hits your rat.
Your rat dies!
Your rat's corpse disappears in a puff of smoke! 😕 MP[-3]
You lost 3 mp, and now have 4/9 mp.
Casting: Call Canine Familiar (dangerous; 12% risk of failure)
Confirm with . or Enter, or press ? or * to list all spells.
😕 MP[-1]
You lost 1 mp, and now have 3/9 mp.
You hit Natasha but do no damage.
Your hound bites the shadow imp.
Natasha claws you.
Your hound completely misses the shadow imp.
Natasha closely misses you. 😕 HP[-2]
You take 2 damage, and now have 33/42 hp.
You hit Natasha. The shadow imp closely misses you.
Your hound closely misses the shadow imp.
Natasha casts a spell.
You hit Natasha.
Your hound bites the shadow imp.
Your rat completely misses Natasha.
The shadow imp gestures at you. Pain shoots through your body!
Your hound bites the shadow imp.
Natasha casts a spell at you. The magic dart hits you!
* * * LOW HITPOINT WARNING * * *
The white imp hits you. The white imp freezes you.
* * * LOW HITPOINT WARNING * * *
The shadow imp closely misses your hound.
Your rat barely misses Natasha.
Your magical contamination has completely faded away. 😨 HP[-16]
You take 16 damage, and now have 17/42 hp.
MASSIVE DAMAGE!! (PAUSE)
You barely miss Natasha. Your hound misses the shadow imp.
Natasha mumbles some strange words.
You feel troubled. Natasha barely misses you.
Your hound bites the shadow imp.
The white imp hits you.
* * * LOW HITPOINT WARNING * * *
The white imp freezes you.
* * * LOW HITPOINT WARNING * * *
The shadow imp hits your hound.
Your rat bites Natasha but does no damage.
Natasha claws you.
* * * LOW HITPOINT WARNING * * *
😱 HP[-8] MP[+1]
You take 8 damage, and now have 9/42 hp.
Unknown command.
You hit Natasha but do no damage.
Your hound bites the shadow imp.
The white imp gestures at you. The puff of frost misses you.
The puff of frost misses your rat.
Your rat barely misses Natasha.
The shadow imp barely misses your hound.
Your hound closely misses the shadow imp.
Natasha howls an incantation.
You feel disoriented. Natasha claws you!
* * * LOW HITPOINT WARNING * * *
The white imp gestures at you. The puff of frost hits you!
You die...

Skill      XL: |  1  2  3 |
---------------+----------+-----
Spellcasting   | 2 3 |  3.0
Air Magic      | 1 3 |  3.5
Dodging        | |  2.1
Stealth        | |  2.4
Summonings     | |  3.6

Action                   |  1- 3 |  4- 6 || total
-------------------------+-------+-------++-------
Melee: Mace              |    35 |     9 ||    44
       Punch             |     1 |       ||     1
 Cast: Summon Small Mamm |    45 |     3 ||    48
       Call Canine Famil |       |     2 ||     2
  Use: Potion            |     1 |       ||     1
Armor: Robe              |     2 |       ||     2
Dodge: Dodged            |    25 |     7 ||    32

Levels and vault maps discovered:
D:1:      lightli_arrival_boilingwater, layout_loops_ring,
          ebering_ecumenical_altar_mist
D:2:      layout_rooms, basic_altar, minmay_tall_x, uniq_natasha, uniq_sigmund

Notes
Turn   | Place    | Note
-------+----------+-------------------------------------------
     0 | D:1      | spaghetti the Deep Dwarf Summoner began the quest for the
                  | Orb.
     0 | D:1      | Reached XP level 1. HP: 15/15 MP: 3/3
     0 | D:1      | magus.rc [v1.9.6]
    72 | D:1      | You pick up a book of Spectacle and begin reading...
    72 | D:1      | You add the spells Dazzling Flash, Iskenderun's Mystic
                  | Blast and Starburst to your library.
   104 | D:1      | You pick up a book of Storms and begin reading...
   104 | D:1      | You add the spells Airstrike and Lightning Bolt to your
                  | library.
   241 | D:1      | Reached skill level 2 in Spellcasting
   409 | D:1      | Reached XP level 2. HP: 20/22 MP: 1/5
   416 | D:1      | Reached skill level 1 in Air Magic
   419 | D:1      | Learned a level 2 spell: Call Imp
   570 | D:1      | Found a faded altar of an unknown god.
   580 | D:1      | Reached XP level 3. HP: 18/28 MP: 6/6
   582 | D:1      | Prayed at the altar of an unknown god.
   582 | D:1      | Became a worshipper of the Shining One
   582 | D:1      | Reached * piety under the Shining One
   624 | D:1      | Learned a level 3 spell: Call Canine Familiar
   755 | D:1      | You pick up a book of Minor Magic and begin reading...
   755 | D:1      | You add the spells Magic Dart and Mephitic Cloud to your
                  | library.
  1107 | D:2      | Found a shadowy altar of Dithmenos.
  1149 | D:2      | Noticed Sigmund
  1166 | D:2      | Killed Sigmund
  1167 | D:2      | Reached skill level 3 in Spellcasting
  1167 | D:2      | Reached skill level 3 in Air Magic
  1167 | D:2      | Reached XP level 4. HP: 36/36 MP: 3/8
  1167 | D:2      | Reached XP level 5. HP: 42/42 MP: 3/9
  1172 | D:2      | Learned a level 4 spell: Summon Lightning Spire
  1323 | D:2      | Noticed Natasha
  1332 | D:2      | HP: 9/42 [Natasha (4)]
  1333 | D:2      | Killed from afar by a white imp

Vanquished Creatures
  A gnoll (D:1)
  An endoplasm (D:2)
  A giant cockroach (D:1)
  A goblin (D:1)
  A kobold (D:1)
  A quokka (D:2)
  A ball python (D:2)
  A rat (D:1)
8 creatures vanquished.

Vanquished Creatures (collateral kills)
  Sigmund (D:2)
  An adder (D:2)
  3 dart slugs (D:1)
  3 endoplasms
  4 goblins
  2 hobgoblins (D:1)
  3 jackals (D:1)
  A quokka (D:1)
  2 ball pythons
  3 bats (D:1)
  A kobold (D:1)
  3 rats (D:1)
27 creatures vanquished.

Grand Total: 35 creatures vanquished

Table legend:
 A = Non-vault XP
 B = Vault XP
 C = Vault XP percentage of total XP
 D = Non-vault monster count
 E = Vault monster count
 F = Vault count percentage of total count
                 A         B        C        D         E       F
            +---------+---------+-------+---------+---------+-------
      Total |      87 |     231 |  72.6 |      34 |       1 |   2.9
            +---------+---------+-------+---------+---------+-------
        D:1 |      64 |       0 |   0.0 |      27 |       0 |   0.0
        D:2 |      23 |     231 |  90.9 |       7 |       1 |  12.5
            +---------+---------+-------+---------+---------+-------

Illustrated notes

Table legend:
 A = Kills in this place as a percentage of kills in entire the game.
 B = Kills by you in this place as a percentage of kills by you in the entire game.
 C = Kills by friends in this place as a percentage of kills by friends in the entire game.
 D = Other kills in this place as a percentage of other kills in the entire game.
 E = Experience gained in this place as a percentage of experience gained in the entire game.
 F = Experience gained in this place divided by the number of levels of this place that you have seen.
                   A       B       C       D       E      F
               +-------+-------+-------+-------+-------+----------------------
         Total | 100.0 | 100.0 | 100.0 |   N/A | 100.0 | 159.0
       Dungeon | 100.0 | 100.0 | 100.0 |   N/A | 100.0 | 159.0
               +-------+-------+-------+-------+-------+----------------------

Table legend: (Time is in decaauts)
 A = Elapsed time spent in this place.
 B = Non-inter-level travel time spent in this place.
 C = Inter-level travel time spent in this place.
 D = Time resting spent in this place.
 E = Time spent auto-exploring this place.
 F = Levels seen in this place.
 G = Mean time per level.
                   A        B        C        D        E       F      G
               +--------+--------+--------+--------+--------+-----+--------+
         Total |   1350 |   1323 |     27 |     45 |    975 |   2 |  675.0 |
       Dungeon |   1350 |   1323 |     27 |     45 |    975 |   2 |  675.0 |
               +--------+--------+--------+--------+--------+-----+--------+

Top non-repeatable levels by time:
     D:1: 1077 daAuts
     D:2: 273 daAuts
